 Dungeon Crawl Stone Soup version 0.30-a0-743-gbfdf073431 (webtiles) character file.

Game seed: 356441316912081571

89927 Leeroy the Fencer (level 15, -2/72 HPs)
             Began as a Vine Stalker Warper on Feb 6, 2023.
             Was a Priest of Uskayaw.
             Slain by a naga mage
             ... wielding a +0 whip
              (8 damage)
             ... on level 3 of the Snake Pit.
             The game lasted 00:52:08 (23834 turns).

Leeroy the Fencer (Vine Stalker Warper)            Turns: 23834, Time: 00:52:09

Health: -2/72      AC:  9    Str: 14    XL:     15   Next: 99%
Magic:  0/32       EV: 21    Int: 15    God:    Uskayaw [***...]
Gold:   1015       SH:  0    Dex: 21    Spells: 14/38 levels left

rFire   + . .      SeeInvis .    n - +4 rapier (elec)
rCold   + . .      Faith    +    (no shield)
rNeg    . . .      Spirit   +    X - +0 robe of Ebeix {Regen+ Int+2}
rPois   +          Reflect  .    b - +2 hat
rElec   .          Harm     .    k - scarf {rC+ rF+}
rCorr   .          Rampage  .    c - +1 pair of gloves
Will    +....                    U - +2 pair of boots
Stlth   +++++                    f - amulet of faith
HPRegen 1.92/turn                m - +5 ring of evasion
MPRegen 0.23/turn                z - ring of poison resistance

@: lethally poisoned (-2 -> -2), constricted
A: fangs 3, regeneration 1, magic shield, antimagic bite, no potion heal 2
a: Renounce Religion, Stomp, Line Pass


You were on level 3 of the Snake Pit.
You worshipped Uskayaw.
Uskayaw was noncommittal.
You visited 5 branches of the dungeon, and saw 20 of its levels.

You collected 1198 gold pieces.
You spent 183 gold pieces at shops.

Inventory:

Hand Weapons
 e - a +0 great sword of draining
 n - a +4 rapier of electrocution (weapon)
 x - a +1 vampiric scimitar
 G - a +5 falchion of freezing
 L - the +3 hand axe of Tuvue {pain, rPois Will++ SInv}
   (You found it on level 9 of the Dungeon)

   rPois:     It protects you from poison.
   SInv:      It lets you see invisible.
   Will:      It greatly increases your willpower.
 Q - the +6 dagger of Qeuceiwk {drain, Will+}
   (You found it on level 6 of the Dungeon)

   Will:      It increases your willpower.
Missiles
 d - 7 boomerangs of dispersal
 j - 6 curare-tipped darts
 l - 10 poisoned darts (quivered)
 o - 3 throwing nets
Armour
 a - an orb of wrath
 b - a +2 hat (worn)
 c - a +1 pair of gloves (worn)
 k - a scarf of resistance (worn)
 T - a scarf of invisibility
 U - a +2 pair of boots (worn)
 W - +0 steam dragon scales
 X - the +0 robe of Ebeix (worn) {Regen+ Int+2}
   (You found it on level 8 of the Dungeon)

   Int:       It affects your intelligence (+2).
   Regen:     It increases your rate of health regeneration.
Jewellery
 f - an amulet of faith (around neck)
 m - a +5 ring of evasion (left hand)
 w - a ring of see invisible
 z - a ring of poison resistance (right hand)
 E - a ring of resist corrosion
 Z - a +5 ring of evasion
Wands
 i - a wand of charming (11)
 u - a wand of polymorph (14)
 y - a wand of flame (2)
 H - a wand of mindburst (5)
 Y - a wand of quicksilver (5)
Scrolls
 g - 2 scrolls of silence
 h - 3 scrolls of brand weapon
 q - 2 scrolls of magic mapping
 s - 6 scrolls of teleportation
 t - 4 scrolls of poison
 B - 2 scrolls of immolation
 F - a scroll of summoning
 O - 7 scrolls of enchant weapon
 P - a scroll of fog
Potions
 p - 5 potions of cancellation
 r - 4 potions of flight
 v - 3 potions of attraction
 A - 4 potions of might {unknown}
 C - 4 potions of invisibility {unknown}
 D - 9 potions of curing
 I - 3 potions of resistance {unknown}
 J - a potion of berserk rage {unknown}
 K - 5 potions of magic {unknown}
 M - 6 potions of lignification {unknown}
 N - 3 potions of haste {unknown}
 R - 7 potions of mutation {unknown}
 S - 5 potions of degeneration {unknown}
 V - 2 potions of brilliance {unknown}


   Skills:
 - Level 5.2 Fighting
 - Level 20.0 Long Blades
 - Level 0.5(0.8) Maces & Flails
 - Level 0.7(0.9) Staves
 - Level 0.6 Ranged Weapons
 - Level 0.8 Throwing
 - Level 2.4 Armour
 - Level 9.3 Dodging
 + Level 11.8 Stealth
 - Level 0.5 Shields
 - Level 12.1 Spellcasting
 - Level 0.6 Conjurations
 - Level 0.5 Summonings
 - Level 3.0 Translocations
 - Level 0.5 Transmutations
 - Level 0.5 Fire Magic
 - Level 0.7 Ice Magic
 - Level 0.6 Earth Magic
 - Level 0.5 Poison Magic


You had 14 spell levels left.
You knew the following spells:

 Your Spells              Type           Power      Damage    Failure   Level
a - Blink                 Tloc           36%        N/A       3%          2
b - Vhi's Electric Charg  Tloc/Air       26%        N/A       13%         3
c - Manifold Assault      Tloc           18%        N/A       22%         4
d - Slow                  Hex            36%        N/A       8%          1
e - Vampiric Draining     Necr           9%         2d6       24%         3
f - Confusing Touch       Hex            9%         N/A       24%         3
g - Lesser Beckoning      Tloc           36%        N/A       3%          2
h - Gell's Gravitas       Tloc           18%        N/A       7%          3
i - Swiftness             Air            9%         N/A       24%         3

Your spell library contained the following spells:

 Spells                   Type           Power      Damage    Failure   Level
 Shock                    Conj/Air       40%        1d5       7%          1
 Teleport Other           Tloc           18%        N/A       7%          3
 Petrify                  Tmut/Erth      11%        N/A       52%         4
 Airstrike                Air            4%         2d(1-17)  61%         4
 Metabolic Englaciation   Hex/Ice        5%         N/A       88%         5
 Dispersal                Tloc           9%         N/A       98%         6
 Statue Form              Tmut/Erth      7%         N/A       100%        6


Dungeon Overview and Level Annotations

Branches:
Dungeon (9/15)             Temple (1/1) D:7            Lair (5/5) D:9
 Shoals (2/4) Lair:3        Snake (3/4) Lair:2        Slime (0/5) Lair:4
    Orc: D:9-12

Altars:
Ashenzari
Cheibriados
Dithmenos
Elyvilon
Fedhas
Gozag
Hepliaklqana
Kikubaaqudgha
Makhleb
Nemelex Xobeh
Okawaru
Qazlal
Sif Muna
Trog
Uskayaw
Vehumet
Wu Jian
Xom
Yredelemnul
Zin
The Shining One
Jiyva

Shops:
D:1 ?   D:2 [?:   Snake:3 **

Annotations:
Lair:4 2 transporters, Sudiex's ghost, journeyman DsFE
Shoals:1 Polyphemus
Shoals:2 Mlioglotl
Snake:2 2 runed translucent doors, Ofax's ghost, adept VSFi


Innate Abilities, Weirdness & Mutations

You have razor-sharp teeth.
Your natural rate of healing is unusually fast.
When hurt, damage is shared between your health and your magic reserves.
Your bite disrupts and absorbs the magic of your enemies.
Potions cannot restore your health.


Message History

You drain its magic.
You feel invigorated.
The nagaraja is heavily wounded.
You feel very sick. The nagaraja spits poison at you.
The splash of poison hits you. You resist. The nagaraja constricts you.
You closely miss the nagaraja. Your bite misses the nagaraja.
The nagaraja is heavily wounded.
You feel sick. The nagaraja spits poison at you. The splash of poison hits you.
You resist. The nagaraja constricts you.
You hit the nagaraja.
The nagaraja is heavily wounded.
You feel sick.
Uskayaw will force your foes to helplessly watch your dance.
You completely miss the nagaraja. Your bite misses the nagaraja.
The nagaraja is heavily wounded.
You feel sick. The nagaraja loses its grip on you.
The naga warrior hits you from afar with a +0 trident!
* * * LOW HITPOINT WARNING * * *
As you read the scroll of summoning, it crumbles to dust.
Wisps of shadow whirl around you...
You feel sick.
The nagaraja hits you with a +0 halberd!
* * * LOW HITPOINT WARNING * * *
The nagaraja grabs you. The nagaraja constricts you.
* * * LOW HITPOINT WARNING * * *
The naga warrior misses you.
Okay, then.
Okay, then.
Okay, then.
Casting: Vhi's Electric Charge (dangerous; 13% risk of failure)
Confirm with . or Enter, or press ? or * to list all spells.
You don't have enough magic to cast this spell.
Okay, then.
Okay, then.
Okay, then.
Okay, then.
As you read the scroll of summoning, it crumbles to dust.
Wisps of shadow whirl around you...
You feel sick. The naga mage hits you with a +0 whip!
You die...

.# #######...## #.# .#
###...#......#####.## .###
##.....#.........#...#
...###..#.##....########.#######
##...#....###.........#...#...).
###....^.###...###.....∩.....#
##.#...........###.#...#.###
##.#......NSSSN..###.∩.###
#..).##.....N@.###.#...#.###
#....##....NN###...NN...$..#
#.....#....NN......#...#.....
####..#.....#..########.#######
##.....#....#..## ..##...#
.......##.....## ...##N##
......####..#######....#)#
........##..##.........#N#
#............#....##...))N......


You could see a nagaraja (fast, ally target, magic disrupted), a naga warrior
(curare), a naga mage (fast, ally target), a friendly naga sharpshooter
(summoned), a friendly anaconda (summoned), 2 friendly black mambas and 3
friendly nagas.

Vanquished Creatures
  Kirke (Lair:5)
  A nagaraja (Snake:3)
  Louise (Snake:1)
  2 salamander tyrants
  4 hydras
  A boulder beetle (Lair:3)
  A two-headed ogre (D:9)
  A catoblepas (Shoals:2)
  4 anacondas
  8 death yaks
  3 naga warriors (Snake:1)
  2 naga sharpshooters
  5 shock serpents
  2 sea snakes (Shoals:1)
  2 naga ritualists
  12 harpies
  12 fauns
  6 mana vipers
  4 salamanders
  2 wolf spiders (Lair:5)
  4 manticores
  A cyclops (Shoals:2)
  3 elephants (Lair:5)
  5 merfolk sirens
  4 naga magi
  A water nymph (Shoals:2)
  3 guardian serpents
  29 black mambas
  17 cane toads
  Maggie (D:7)
  Psyche (D:8)
  8 merfolk
  7 komodo dragons
  3 polar bears
  A queen bee (Lair:1)
  A queen bee (shapeshifter) (D:9)
  2 hornets (Lair:5)
  2 trolls (D:9)
  2 wind drakes
  11 blink frogs
  5 snapping turtles
  Grinder (D:4)
  9 dream sheep (Lair:5)
  A wraith (D:9)
  A water elemental (Shoals:1)
  15 wyverns
  3 hogs (Lair:5)
  A human (Lair:5)
  5 basilisks
  46 yaks
  A steam dragon (D:8)
  2 redbacks (Lair:5)
  Menkaure (D:7)
  18 nagas
  23 water moccasins
  Duvessa (D:5)
  An orc warrior (D:8)
  An ice beast (D:6)
  4 black bears
  6 wolves
  A centaur (D:7)
  An ogre (D:6)
  2 phantoms
  2 kobold brigands
  2 necrophages
  11 bullfrogs
  A scorpion (D:5)
  5 wights (D:9)
  Dowan (D:5)
  24 killer bees
  A howler monkey (D:6)
  4 electric eels
  4 hounds
  4 jellies
  2 gnoll boudas
  4 orc priests
  7 iguanas
  3 orc wizards
  Natasha (thrice) (D:2)
  Robin (D:2)
  10 gnolls
  6 adders
  17 white imps
  3 worms (D:2)
  2 dart slugs
  11 orcs
  8 ball pythons
  9 endoplasms
  A giant cockroach (D:3)
  12 goblins
  13 hobgoblins
  4 jackals (D:2)
  4 quokkas
  3 bats
  3 frilled lizards
  10 kobolds
  5 rats
529 creatures vanquished.

Vanquished Creatures (others)
  A black mamba (Lair:2)
  An orc wizard (D:7)
  21 fungi
  93 plants
116 creatures vanquished.

Grand Total: 645 creatures vanquished

Notes
Turn   | Place    | Note
-------+----------+-------------------------------------------
     0 | D:1      | Leeroy the Vine Stalker Warper began the quest for the Orb.
     0 | D:1      | Reached XP level 1. HP: 11/11 MP: 4/4
    73 | D:1      | Found Kearus's Magic Scroll Boutique.
   240 | D:1      | Reached skill level 2 in Long Blades
   483 | D:1      | Reached XP level 2. HP: 12/15 MP: 3/6
   878 | D:2      | Found a faded altar of an unknown god.
   882 | D:2      | Reached skill level 3 in Long Blades
   892 | D:2      | Reached XP level 3. HP: 17/18 MP: 5/7
   908 | D:2      | Found a hazy altar of Hepliaklqana.
  1073 | D:2      | Found Noymioz's Book Emporium.
  1122 | D:2      | Learned a level 2 spell: Blink
  1126 | D:2      | Learned a level 3 spell: Vhi's Electric Charge
  1183 | D:2      | Noticed Robin
  1230 | D:2      | Killed Robin
  1231 | D:2      | Gained mutation: Your natural rate of healing is unusually
                  | fast. [Vine Stalker growth]
  1231 | D:2      | Reached XP level 4. HP: 17/23 MP: 8/8
  1236 | D:2      | Reached skill level 4 in Long Blades
  1318 | D:2      | Found Keuggu's Armour Boutique.
  1322 | D:2      | Noticed Natasha
  1332 | D:2      | Killed Natasha
  1391 | D:2      | Noticed Natasha
  1404 | D:2      | Killed Natasha
  1405 | D:2      | Reached XP level 5. HP: 26/26 MP: 9/9
  1457 | D:2      | Noticed Natasha
  1461 | D:2      | Killed Natasha
  1479 | D:2      | Found Jeze's Magic Scroll Emporium.
  1654 | D:2      | Bought 2 scrolls of identify for 56 gold pieces
  1831 | D:3      | Reached skill level 5 in Long Blades
  1924 | D:3      | Found a shimmering blue altar of Sif Muna.
  1930 | D:3      | Found a blossoming altar of Fedhas.
  1931 | D:3      | Found a hide-covered altar of Uskayaw.
  1947 | D:3      | Found an opulent altar of Gozag.
  1955 | D:3      | Became a worshipper of Uskayaw the Reveller
  2166 | D:3      | Reached * piety under Uskayaw
  2194 | D:3      | Reached ** piety under Uskayaw
  2334 | D:3      | Reached XP level 6. HP: 26/30 MP: 8/10
  2536 | D:4      | Noticed Grinder
  2548 | D:4      | Paralysed by Grinder for 5 turns
  2569 | D:4      | Reached *** piety under Uskayaw
  2571 | D:4      | Killed Grinder
  2572 | D:4      | Reached skill level 6 in Long Blades
  2575 | D:4      | Identified the +9 trident of Modesty {drain, rPois rN+
                  | Stlth+}
  2967 | D:5      | Entered Level 5 of the Dungeon
  2978 | D:4      | Reached XP level 7. HP: 33/34 MP: 8/11
  3015 | D:4      | Reached skill level 7 in Long Blades
  3017 | D:4      | Reached **** piety under Uskayaw
  3321 | D:5      | Noticed Duvessa
  3321 | D:5      | Noticed Dowan
  3389 | D:5      | Reached skill level 8 in Long Blades
  3460 | D:5      | Gained mutation: You have razor-sharp teeth. [Vine Stalker
                  | growth]
  3460 | D:5      | Reached XP level 8. HP: 38/38 MP: 12/12
  3918 | D:6      | Reached skill level 9 in Long Blades
  4107 | D:6      | Found a shimmering altar of Xom.
  4108 | D:6      | Found a shimmering altar of Xom.
  4108 | D:6      | Found a shimmering altar of Xom.
  4108 | D:6      | Found a shimmering altar of Xom.
  4116 | D:6      | Found a shimmering altar of Xom.
  4116 | D:6      | Found a shimmering altar of Xom.
  4249 | D:6      | Identified the +6 dagger of Qeuceiwk {drain, Will+}
  4279 | D:6      | Found a glowing golden altar of the Shining One.
  4280 | D:6      | Found a shadowy altar of Dithmenos.
  4283 | D:6      | Found a white marble altar of Elyvilon.
  4284 | D:6      | Found a radiant altar of Vehumet.
  4562 | D:6      | Reached skill level 10 in Long Blades
  4669 | D:7      | Reached skill level 1 in Stealth
  4669 | D:7      | Found a staircase to the Ecumenical Temple.
  4679 | D:7      | Reached XP level 9. HP: 30/42 MP: 6/13
  4680 | D:7      | Reached ***** piety under Uskayaw
  4694 | D:7      | Reached ****** piety under Uskayaw
  4863 | D:7      | Noticed Maggie
  4865 | D:7      | Killed Maggie
  5117 | D:7      | Found a stormy altar of Qazlal.
  5257 | D:7      | Noticed Menkaure
  5264 | D:7      | Killed Menkaure
  5409 | D:8      | Identified a scroll of acquirement
  5414 | D:8      | Acquired a manual of Long Blades
  5634 | D:8      | Identified the +0 robe of Ebeix {Regen+ Int+2}
  5720 | D:8      | Noticed Psyche
  5850 | D:8      | Killed Psyche
  6141 | D:8      | Reached skill level 11 in Long Blades
  6944 | D:9      | Reached XP level 10. HP: 46/46 MP: 12/14
  7007 | D:9      | Reached skill level 12 in Long Blades
  7144 | D:9      | Found a staircase to the Lair.
  7377 | D:5      | Killed Duvessa
  7382 | D:5      | Killed Dowan
  7453 | Temple   | Entered the Ecumenical Temple
  7749 | D:9      | Reached skill level 13 in Long Blades
  7833 | D:9      | Noticed a two-headed ogre
  7843 | D:9      | Killed a two-headed ogre
  7891 | D:9      | Reached skill level 14 in Long Blades
  8004 | D:9      | Identified the +3 hand axe of Tuvue {pain, rPois Will++
                  | SInv}
  8289 | D:9      | Reached skill level 15 in Long Blades
  8666 | D:9      | Reached XP level 11. HP: 50/50 MP: 15/15
  8933 | Lair:1   | Entered Level 1 of the Lair of Beasts
  9085 | Lair:1   | Reached skill level 16 in Long Blades
 10432 | Lair:2   | Reached skill level 17 in Long Blades
 10602 | Lair:2   | Learned a level 4 spell: Manifold Assault
 10695 | Lair:2   | Reached skill level 5 in Fighting
 10695 | Lair:2   | Reached XP level 12. HP: 19/60 MP: 10/16
 10906 | Lair:2   | Reached skill level 5 in Dodging
 11081 | Lair:2   | You fall into a shaft and drop 2 floors!
 11359 | Lair:3   | Noticed an eight-headed hydra
 11401 | Lair:3   | Killed an eight-headed hydra
 11548 | Lair:3   | Found a staircase to the Shoals.
 11548 | Lair:3   | Noticed a death yak
 11553 | Lair:3   | Noticed a death yak
 11558 | Lair:3   | Noticed a death yak
 11586 | Lair:2   | Found a staircase to the Snake Pit.
 11813 | Lair:3   | Noticed a death yak
 11825 | Lair:2   | Killed a death yak
 11929 | Lair:3   | Killed a death yak
 12084 | Lair:3   | Found an ornate altar of the Wu Jian Council.
 12084 | Lair:3   | Noticed a boulder beetle
 12086 | Lair:3   | Found a hide-covered altar of Uskayaw.
 12401 | Lair:3   | Noticed a four-headed hydra
 12409 | Lair:3   | Killed a four-headed hydra
 12410 | Lair:3   | Reached XP level 13. HP: 63/63 MP: 17/17
 12426 | Lair:3   | You fall into a shaft and drop 2 floors!
 12426 | Lair:5   | Entered Level 5 of the Lair of Beasts
 12493 | Lair:4   | Found a transporter.
 12513 | Lair:4   | Found a transporter.
 12864 | Lair:4   | Learned a level 1 spell: Slow
 12868 | Lair:4   | Learned a level 3 spell: Vampiric Draining
 13223 | Lair:4   | Reached skill level 5 in Spellcasting
 13251 | Lair:4   | Found a viscous altar of Jiyva.
 13258 | Lair:4   | Found a staircase to the Slime Pits.
 13675 | Lair:4   | Learned a level 3 spell: Confusing Touch
 13689 | Lair:4   | HP: 1/63 [electric eel/bolt of electricity (4)]
 14295 | Lair:4   | Noticed Sudiex's ghost (journeyman DsFE)
 14296 | Lair:4   | Found a bloodstained altar of Trog.
 14742 | Lair:5   | Noticed Kirke
 14763 | Lair:5   | Killed Kirke
 14803 | Lair:5   | Identified the +2 robe of the Sandy God {rF+ rC+ Str+7
                  | Int-5}
 14850 | Lair:5   | Identified the +4 sling of Magnificence {elec, Will+ rCorr
                  | Str+4 Int-2}
 15248 | Lair:5   | Reached XP level 14. HP: 68/68 MP: 28/28
 15256 | Lair:5   | Reached skill level 10 in Spellcasting
 16463 | Shoals:1 | Entered Level 1 of the Shoals
 16655 | Lair:3   | Reached skill level 1 in Armour
 18210 | Shoals:2 | Reached skill level 18 in Long Blades
 18376 | Shoals:2 | Noticed Mlioglotl
 18707 | Shoals:2 | Reached XP level 15. HP: 45/72 MP: 28/32
 18810 | Shoals:2 | Noticed Polyphemus
 18894 | Shoals:1 | Learned a level 2 spell: Lesser Beckoning
 18898 | Shoals:1 | Learned a level 3 spell: Gell's Gravitas
 18902 | Shoals:1 | Learned a level 3 spell: Swiftness
 19033 | Shoals:1 | HP: 2/72 [Polyphemus/large rock (44)]
 19334 | Snake:1  | Entered Level 1 of the Snake Pit
 19675 | Lair:2   | Reached skill level 19 in Long Blades
 21056 | Snake:1  | Noticed Louise
 21071 | Snake:1  | Killed Louise
 21714 | Snake:2  | Found a large runed translucent door.
 21714 | Snake:2  | Found a large runed translucent door.
 21917 | Snake:2  | Reached skill level 20 in Long Blades
 22732 | Snake:2  | Noticed Ofax's ghost (adept VSFi)
 23184 | Snake:3  | Found a glowing silver altar of Zin.
 23263 | Snake:3  | Reached skill level 10 in Stealth
 23267 | Snake:3  | Noticed a nagaraja
 23274 | Snake:3  | Killed a nagaraja
 23776 | Snake:3  | Found Lyeliz's General Store.
 23780 | Snake:3  | Found Nemnarybb's General Store.
 23781 | Snake:3  | Found Jarai's Assorted Antiques.
 23784 | Snake:3  | Bought a scroll of enchant weapon for 127 gold pieces
 23803 | Snake:3  | Noticed a nagaraja
 23834 | Snake:3  | Slain by a naga mage

Illustrated notes

Levels and vault maps discovered:
D:1:      saegor_arrival_under_anarchy, layout_basic, serial_shops,
          nicolae_shop_stone
D:2:      layout_loops_ring, serial_shops, nicolae_shop_trees, shop, shop,
          basic_altar, chequers_ecumenical_altar_island, uniq_natasha,
          uniq_robin
D:3:      layout_loops_ring, grunt_temple_overflow_open,
          minmay_goblin_kobold_house
D:4:      layout_basic, serial_bayou_pond_d, uniq_grinder
D:5:      layout_rooms, uniq_duvessa
D:6:      layout_gridville, xom_redecorated, minitemple, minivault_27
D:7:      layout_loops_ring, nicolae_qazlal_general_emergency,
          minmay_temple_entry_ruins, palyth_stone_intersect, uniq_menkaure,
          uniq_maggie
D:8:      layout_layer_cave, uniq_psyche
D:9:      layout_roguey, erik_lair_island, kennysheep_cluttered_room
Temple:   minmay_temple_curvy_loop
Lair:1:   layout_cave_pods, special_room [special_room_bee]
Lair:2:   layout_hall_layers, minmay_snake_entry_six_corridors,
          grunt_megastairs_3, infiniplex_staircase_pool
Lair:3:   layout_small_grid, nicolae_shoals_entry_roost,
          portal_ice_cave_entry_imps, nzn_masters_of_martial_movement,
          serial_bayou_shore_a
Lair:4:   layout_hall_layers, dpeg_slime_entry_corner,
          gammafunk_ghost_wrathful_warriors, pdpol_lair_cavern_descent
Lair:5:   hangedman_lair_tendril_chambers, layout_gridlike,
          infiniplex_staircase_pool_2, lemuel_fruit_tree, uniq_kirke
Shoals:1: layout_shoals, nicolae_shoals_lost_giant_hut
Shoals:2: layout_shoals, st_sunken_temple, uniq_polyphemus, uniq_mlioglotl
Snake:1:  layout_gridlike, uniq_louise, uniq_azrael
Snake:2:  layout_layer_cave, ebering_ghost_disaster_area,
          nicolae_triple_integral
Snake:3:  layout_misc_corridors, basic_altar, minmay_shop_star

Skill      XL: |  1  2  3  4  5  6  7  8  9 10 11 12 13 14 15 |
---------------+----------------------------------------------+-----
Long Blades    | 2 3 4 5 6 8 10 11 15 17 18 20 | 20.0
Stealth        | 2 9 11 | 11.8
Fighting       | 5 |  5.2
Dodging        | 8 9 |  9.3
Spellcasting   | 9 12 | 12.1
Armour         | 2 |  2.4
Maces & Flails | |  0.5
Staves         | |  0.7
Ranged Weapons | |  0.6
Throwing       | |  0.8
Shields        | |  0.5
Conjurations   | |  0.6
Summonings     | |  0.5
Translocations | |  3.0
Transmutations | |  0.5
Fire Magic     | |  0.5
Ice Magic      | |  0.7
Earth Magic    | |  0.6
Poison Magic   | |  0.5

Action                     |  1- 3 |  4- 6 |  7- 9 | 10-12 | 13-15 || total
---------------------------+-------+-------+-------+-------+-------++-------
  Melee: Falchion          |    73 |       |       |       |    25 ||    98
         Bite              |    34 |    29 |    69 |   193 |   392 ||   717
         Short sword       |    68 |    38 |       |       |       ||   106
         Scimitar          |       |    81 |   143 |   182 |       ||   406
         Punch             |       |       |     4 |     1 |     6 ||    11
         Dagger            |       |       |   112 |    31 |    33 ||   176
         Great sword       |       |       |       |   301 |   694 ||   995
         Rapier            |       |       |       |    33 |   266 ||   299
         Hand axe          |       |       |       |       |     2 ||     2
  Throw: Javelin           |       |     3 |       |     3 |       ||     6
         Dart              |       |     1 |       |    17 |    25 ||    43
         Throwing net      |       |       |       |     1 |       ||     1
   Cast: Vhi's Electric Ch |       |     1 |     1 |     4 |    35 ||    41
         Blink             |       |       |       |     1 |     4 ||     5
         Confusing Touch   |       |       |       |       |     1 ||     1
         Manifold Assault  |       |       |       |       |     3 ||     3
  Evoke: Wand              |       |       |     2 |     7 |    24 ||    33
    Use: Scroll            |       |     3 |     4 |    11 |    19 ||    37
         Potion            |       |       |       |     1 |     3 ||     4
   Stab: Sleeping          |     1 |     2 |     6 |     8 |    29 ||    46
         Paralysed         |       |     1 |    12 |    28 |    57 ||    98
         Distracted        |       |       |       |     2 |     1 ||     3
 Armour: Leather armour    |    41 |    19 |    26 |       |       ||    86
         Robe              |       |       |     8 |    66 |    85 ||   159
         Steam dragon scal |       |       |     5 |       |       ||     5
  Dodge: Dodged            |   127 |   108 |   217 |   691 |  1066 ||  2209

Table legend: (Time is in decaauts)
 A = Elapsed time spent in this place.
 B = Non-inter-level travel time spent in this place.
 C = Inter-level travel time spent in this place.
 D = Time resting spent in this place.
 E = Time spent auto-exploring this place.
 F = Levels seen in this place.
 G = Mean time per level.
                   A        B        C        D        E       F      G
               +--------+--------+--------+--------+--------+-----+--------+
         Total |  23865 |  22253 |   1612 |   4884 |  11982 |  20 | 1193.2 |
       Dungeon |   8936 |   8146 |    790 |   1071 |   5239 |   9 |  992.9 |
        Temple |    216 |    194 |     22 |      0 |    190 |   1 |  216.0 |
          Lair |   8362 |   7829 |    533 |   1894 |   4039 |   5 | 1672.4 |
        Shoals |   2409 |   2262 |    147 |    674 |    746 |   2 | 1204.5 |
     Snake Pit |   3940 |   3821 |    119 |   1245 |   1767 |   3 | 1313.3 |
               +--------+--------+--------+--------+--------+-----+--------+

Top non-repeatable levels by time:
 Snake:1: 1879 daAuts
  Lair:4: 1867 daAuts
     D:9: 1857 daAuts
  Lair:2: 1845 daAuts
  Lair:3: 1810 daAuts
Shoals:1: 1628 daAuts
  Lair:1: 1446 daAuts
 Snake:2: 1432 daAuts
     D:8: 1427 daAuts
  Lair:5: 1392 daAuts
     D:6: 936 daAuts
     D:2: 925 daAuts
     D:7: 842 daAuts
Shoals:2: 781 daAuts
     D:1: 770 daAuts
